Map: Ley Lines

Players

kitune - Winner!

  • Race: Zerg Zerg
  • Spawn Location: 1:00

yoyo

  • Race: Zerg Zerg
  • League: Diamond
  • Spawn Location: 7:00

VOD

Have the link to the VOD?

Description

Time

  • Played on: June 4, 2025, 11 a.m.
  • Length: 12:06
Show
View Real Time Build Order
Export as new Build Order

kitune Zerg - Winner!

Build Orders: Pool First 

Get SALT Encoding   

  12  0:01  Drone  
  13  0:12  Overlord  
  13  0:16  Drone  
  14  0:31  Drone x2  
  16  0:41  Spawning Pool  
  15  0:45  Drone  
  15  0:49  Drone  
  17  1:09  Hatchery  
  16  1:12  Drone  
  16  1:16  Extractor  
  16  1:30  Zergling x4  
  16  1:31  Zergling x2  
  19  1:37  Queen  
  21  1:42  Drone  
  22  1:52  Overlord  
  22  2:11  Drone  
  22  2:12  Queen  
  25  2:18  Drone  
  23  2:39  Zergling x8  
  25  2:55  Queen  
  27  3:00  Drone  
  27  3:01  Drone x4  
  32  3:08  Lair  
  32  3:10  Drone  
  33  3:18  Overlord  
  33  3:23  Drone  
  33  3:24  Drone  
  35  3:36  Queen  
  35  3:37  Drone  
  35  3:38  Drone  
  37  3:52  Drone  
  37  3:53  Drone x3  
  41  4:02  Roach Warren  
  41  4:07  Evolution Chamber  
  41  4:09  Evolution Chamber, Overlord  
  38  4:10  Drone  
  38  4:11  Drone x2  
  38  4:15  Extractor  
  40  4:19  Drone  
  40  4:20  Extractor  
  40  4:21  Drone x2  
  42  4:27  Drone x3  
  45  4:33  Zerg Missile Weapons Level 1  
  45  4:43  Glial Reconstitution  
  45  4:47  Drone x3  
  45  4:49  Overlord x2  
  45  4:52  Drone  
  49  4:54  Overlord  
  49  5:01  Roach  
  51  5:07  Roach x4  
  59  5:15  Overseer  
  59  5:20  Roach  
  59  5:21  Roach x3  
  67  5:23  Overlord  
  67  5:28  Roach  
  67  5:29  Roach  
  67  5:33  Overlord  
  71  5:54  Hatchery  
  71  5:56  Extractor, Drone  
  71  5:57  Drone  
  71  5:59  Drone x3  
  74  6:18  Roach x6  
  76  6:19  Roach x2  
  85  6:38  Overseer  
  84  6:49  Roach  
  84  6:50  Roach x2  
  90  7:06  Overlord  
  90  7:07  Overlord x4  
  89  7:11  Roach  
  89  7:12  Roach x2  
  78  7:23  Drone x2  
  78  7:24  Drone  
  78  7:25  Drone  
  78  7:26  Drone  
  78  7:28  Drone x3  
  86  7:46  Drone x2  
  86  7:49  Drone x4  
  83  8:01  Roach x4  
  86  8:16  Roach x3  
  88  8:25  Queen  
  82  8:29  Roach  
  82  8:30  Roach x4  
  92  8:45  Roach x5  
  92  8:46  Roach  
  104  8:50  Zerg Ground Armor Level 1  
  104  8:57  Roach  
  104  8:58  Roach x4  
  104  9:01  Queen  
  118  9:09  Roach  
  117  9:10  Roach x2  
  112  9:19  Roach x5  
  98  9:48  Roach x9  
  116  9:59  Roach x2  
  118  10:19  Roach x6  
  120  10:30  Roach x3  
  120  10:48  Roach  
  120  10:49  Roach x4  
  88  11:06  Roach  
  88  11:07  Roach x2  
  90  11:17  Roach x2  
  84  11:42  Roach  
  84  11:43  Roach  
Show
View Real Time Build Order
Export as new Build Order

yoyo Zerg 

Build Orders: Pool First, Swarm Host 

Get SALT Encoding   

  12  0:00  Drone  
  13  0:12  Overlord  
  13  0:17  Drone  
  14  0:30  Drone x2  
  16  0:41  Spawning Pool  
  15  0:44  Drone  
  15  0:49  Drone  
  17  1:09  Hatchery  
  16  1:12  Drone  
  16  1:17  Extractor  
  16  1:28  Zergling x2  
  16  1:29  Zergling x4  
  19  1:34  Queen  
  21  1:40  Drone  
  22  1:54  Overlord  
  22  2:12  Queen  
  24  2:16  Drone x2  
  26  2:25  Drone x2  
  26  2:26  Metabolic Boost  
  28  2:46  Queen  
  28  2:48  Drone  
  31  2:53  Drone x2  
  32  3:05  Lair  
  31  3:07  Drone  
  31  3:08  Drone  
  31  3:09  Extractor  
  31  3:11  Drone  
  33  3:21  Evolution Chamber  
  33  3:24  Evolution Chamber  
  30  3:43  Drone x5  
  30  3:45  Roach Warren  
  34  3:54  Spine Crawler  
  33  3:58  Drone x3  
  36  4:06  Infestation Pit  
  36  4:09  Drone  
  36  4:19  Extractor x2, Drone x2  
  36  4:29  Overlord  
  36  4:31  Overlord  
  36  4:42  Nydus Network  
  35  4:47  Queen  
  35  4:50  Swarm Host  
  35  4:51  Swarm Host  
  43  5:04  Drone x4  
  47  5:23  Swarm Host  
  50  5:38  Overlord x4  
  50  5:49  Nydus Canal  
  50  5:58  Swarm Host x4  
  50  5:59  Swarm Host  
  65  6:10  Swarm Host x2  
  65  6:11  Swarm Host  
  74  6:23  Swarm Host  
  74  6:24  Swarm Host x2  
  83  6:32  Overlord  
  83  6:35  Zerg Missile Weapons Level 1  
  83  6:41  Nydus Canal  
  83  6:53  Spine Crawler x2  
  81  7:18  Nydus Canal  
  81  7:19  Swarm Host x3  
  81  7:21  Overlord x2  
  81  7:22  Overlord  
  90  7:29  Hydralisk Den  
  86  7:31  Overseer  
  86  7:37  Swarm Host  
  89  7:51  Nydus Canal  
  89  7:54  Swarm Host x2  
  95  7:58  Drone  
  95  7:59  Drone x2  
  95  8:01  Drone  
  99  8:33  Nydus Canal  
  99  8:34  Swarm Host x5  
  114  8:44  Overlord x2  
  108  9:52  Nydus Canal  
  108  9:57  Hydralisk x12, Lurker Den  
  112  10:50  Hydralisk x10  
  119  11:00  Zergling x2  
  119  11:01  Zergling x8  
Tags
 
Composition
Swarm Host
League
Diamond
Matchup
ZvZ
Race
Zerg
Spawn Locations
Cross Positions
Add a new tag
Caveats
  • Supply blocks, unpowered buildings, or Contaminate may cause inaccurate times.
  • Supply counts are checked every 10 seconds.